 Dungeon Crawl Stone Soup version 0.21-a0-434-g806c6c2 (webtiles) character file.

1453 HAL9000 the Fighter (level 8, -2/89 HPs)
             Began as an Ogre Hunter on Nov 8, 2017.
             Killed from afar by an electric eel (10 damage)
             ... with a bolt of electricity
             ... on level 6 of the Dungeon.
             The game lasted 00:16:39 (8765 turns).

HAL9000 the Fighter (Ogre Hunter)                   Turns: 8765, Time: 00:16:39

Health: -2/89      AC:  3    Str: 18    XL:     8   Next: 75%
Magic:  0/8        EV: 12    Int: 12    God:
Gold:   275        SH:  0    Dex: 10    Spells: 7/7 levels left

rFire    . . .     SeeInvis .   L - +0 falchion
rCold    . . .     Gourm    .   (no shield)
rNeg     . . .     Faith    .   b - +0 robe
rPois    .         Spirit   +   (helmet restricted)
rElec    .         Reflect  .   y - scarf {Spirit}
rCorr    .         Harm     .   (gloves unavailable)
MR       .....                  (boots unavailable)
Stlth    ..........             z - amulet of guardian spirit
HPRegen  0.24/turn              C - ring of loudness
MPRegen  0.11/turn              (no ring)

@: no status effects
A: unfitting armour, tough skin 1
a: no special abilities


You were on level 6 of the Dungeon.
You were not hungry.

You visited 1 branch of the dungeon, and saw 6 of its levels.

You collected 275 gold pieces.

Inventory:

Hand Weapons
 h - a +1 dagger of draining
 L - a +0 falchion (weapon)
Missiles
 c - 4 large rocks (quivered)
 d - a throwing net
 t - 5 exploding tomahawks
 N - 3 tomahawks
Armour
 b - a +0 robe (worn)
 y - a scarf of spirit shield (worn)
Jewellery
 z - an amulet of guardian spirit (around neck)
 C - a ring of loudness (left hand)
Wands
 R - a wand of flame (15/48)
Scrolls
 g - 4 scrolls of identify {unknown}
 l - a scroll of enchant weapon {unknown}
 p - 2 scrolls of recharging {unknown}
 w - a scroll of random uselessness {unknown}
 B - 4 scrolls of remove curse
 D - 2 scrolls of fear {unknown}
 I - a scroll of amnesia {unknown}
 J - a scroll of fog {unknown}
 K - 2 scrolls of enchant armour {unknown}
 O - a scroll of teleportation {unknown}
 P - a scroll of blinking {unknown}
Potions
 i - a potion of agility
 m - a potion of ambrosia {unknown}
 o - a potion of berserk rage {unknown}
 s - a potion of curing
 v - 2 potions of haste
 x - a potion of cancellation {unknown}
 A - a potion of resistance {unknown}
 E - 2 potions of brilliance {unknown}
 F - a potion of might {unknown}
 G - a potion of lignification {unknown}
 H - 2 potions of heal wounds
 S - a potion of mutation {unknown}
Comestibles
 f - 6 bread rations
 r - 2 meat rations
 Q - 5 fruits


   Skills:
 - Level 8.7 Fighting
 + Level 4.8 Long Blades
 - Level 4.0 Throwing
 - Level 6.0 Dodging
 - Level 0.6 Stealth


You had 7 spell levels left.
You didn't know any spells.

Dungeon Overview and Level Annotations

Branches:
Dungeon (6/15)
 Temple: D:4-7

Altars:
Cheibriados
Elyvilon
Makhleb
Sif Muna
Zin
The Shining One

Shops:
D:5 *


Innate Abilities, Weirdness & Mutations

You are too large for most types of armour.
You have tough skin. (AC +1)


Message History

* * * LOW HITPOINT WARNING * * *
You slash the electric eel!
You kill the electric eel!
Unknown command.
The electric eel shoots out a bolt of lightning at you!
The bolt of electricity misses you.
The electric eel shoots out a bolt of lightning at you!
The bolt of electricity hits you!
* * * LOW HITPOINT WARNING * * *
The electric eel shoots out a bolt of lightning at you!
The bolt of electricity hits the electric eel.
The electric eel completely resists.
The bolt of electricity misses you.
The electric eel shoots out a bolt of lightning at you!
The bolt of electricity hits the electric eel.
The electric eel completely resists.
The bolt of electricity hits you!
* * * LOW HITPOINT WARNING * * *
The electric eel shoots out a bolt of lightning at you!
The bolt of electricity hits the electric eel.
The electric eel completely resists.
The bolt of electricity hits you!
You die...

#.....# ######...
########.....# #....?.....
.......'.....# #.........
########.....# #.........
#.....# #.......≈♣♣
######.....#####......♣≈≈ ≈
#...........÷....(..♣≈≈ ≈≈≈
#..........#####(..♣≈♣≈≈PP≈
#......>[.....@....;;P≈♣
###.........########♣♣≈≈≈≈≈≈≈
........(...'.......;≈≈♣≈≈≈≈≈
###.........#######.;P≈P≈P≈≈≈
.................[#.≈♣≈≈≈≈;≈≈
#################.#♣♣≈≈♣≈≈ ≈≈
#.# ≈P≈≈≈≈ ≈ #.# ≈≈≈;≈≈ #.#
≈≈≈≈≈


You could see 2 electric eels.

Vanquished Creatures
  Sigmund (D:3)
  An ice beast (D:6)
  A phantom (D:4)
  An ogre (D:4)
  A centaur (D:5)
  2 big kobolds (D:3)
  2 scorpions
  An electric eel (D:6)
  2 crimson imps
  A hound (D:4)
  2 orc priests (D:5)
  A bullfrog skeleton (D:6)
  Jessica (D:3)
  5 orc wizards
  2 iguanas
  A worker ant (D:4)
  9 adders
  4 gnolls
  An ooze (D:4)
  2 adder skeletons
  3 worms
  3 dart slugs
  8 leopard geckos
  21 orcs
  5 giant cockroaches
  10 goblins
  10 hobgoblins
  3 jackals
  2 quokkas (D:2)
  A ball python (D:2)
  7 bats
  6 frilled lizards
  13 kobolds
  A leopard gecko skeleton (D:4)
  5 rats
139 creatures vanquished.

Vanquished Creatures (others)
  A plant (D:6)
1 creature vanquished.

Grand Total: 140 creatures vanquished

Notes
Turn   | Place    | Note
-------+----------+-------------------------------------------
     0 | D:1      | HAL9000 the Ogre Hunter began the quest for the Orb.
     0 | D:1      | Reached XP level 1. HP: 22/22 MP: 1/1
    27 | D:1      | Reached skill level 3 in Fighting
    37 | D:1      | Reached XP level 2. HP: 13/31 MP: 2/2
   896 | D:1      | Reached XP level 3. HP: 24/39 MP: 3/3
  1008 | D:1      | Reached skill level 4 in Fighting
  1518 | D:2      | Reached XP level 4. HP: 37/49 MP: 4/4
  2405 | D:3      | Noticed a big kobold
  2454 | D:3      | Killed a big kobold
  2454 | D:3      | Reached skill level 5 in Fighting
  2454 | D:3      | Reached XP level 5. HP: 34/57 MP: 3/5
  2555 | D:3      | Noticed a big kobold
  2576 | D:3      | Killed a big kobold
  2576 | D:3      | Reached skill level 6 in Fighting
  2576 | D:3      | Reached XP level 6. HP: 37/67 MP: 3/6
  2901 | D:3      | Noticed Sigmund
  2910 | D:3      | Killed Sigmund
  2918 | D:3      | Noticed Jessica
  2928 | D:3      | Killed Jessica
  2972 | D:3      | Found a deep blue altar of Sif Muna.
  2977 | D:3      | Found a glowing golden altar of the Shining One.
  2978 | D:3      | Found a glowing silver altar of Zin.
  2981 | D:3      | Found a snail-covered altar of Cheibriados.
  2982 | D:3      | Found a white marble altar of Elyvilon.
  3029 | D:2      | Reached skill level 7 in Fighting
  3029 | D:2      | Reached XP level 7. HP: 64/78 MP: 3/7
  3528 | D:3      | Reached skill level 5 in Dodging
  3556 | D:3      | HP: 2/78 [gnoll/spear (4)]
  4746 | D:4      | Reached skill level 8 in Fighting
  5272 | D:4      | Reached XP level 8. HP: 77/89 MP: 5/8
  5502 | D:4      | Found a snail-covered altar of Cheibriados.
  6106 | D:5      | Entered Level 5 of the Dungeon
  6118 | D:5      | Reached skill level 1 in Long Blades
  6288 | D:5      | Found a burning altar of Makhleb.
  6506 | D:5      | Found Wotunteqa's Assorted Antiques.
  8765 | D:6      | Killed from afar by an electric eel

Vault maps used:
D:1:      minmay_arrival_cross, lemuel_old_faithful
D:2:      minmay_wonky_spiral
D:3:      cheibrodos_thug_alley, minitemple, uniq_sigmund, uniq_jessica
D:4:      first_bread, kennysheep_slug_shrine
D:5:      serial_shops, kennysheep_mini, basic_altar
D:6:      serial_bayou_lake_a

Skill      XL: |  1  2  3  4  5  6  7  8 |
---------------+-------------------------+-----
Fighting       | 3 4 5 6 7 8 |  8.7
Dodging        | 2 3 4 6 |  6.0
Long Blades    | 4 |  4.8
Throwing       | |  4.0
Stealth        | |  0.6

Action                   |  1- 3 |  4- 6 |  7- 9 || total
-------------------------+-------+-------+-------++-------
Melee: Short sword       |    49 |       |       ||    49
       Dagger            |    75 |   142 |   256 ||   473
       Falchion          |       |       |   170 ||   170
Throw: Large rock        |       |     6 |    12 ||    18
       Tomahawk          |       |       |     1 ||     1
       Throwing net      |       |       |     1 ||     1
  Use: Potion            |       |       |     7 ||     7
       Scroll            |       |       |     2 ||     2
 Stab: Held in net/web   |       |       |     1 ||     1
  Eat: Chunk             |     1 |     6 |    13 ||    20
       Meat ration       |       |       |     1 ||     1
       Fruit             |       |       |     1 ||     1
Armor: Robe              |    60 |    31 |    65 ||   156
Dodge: Dodged            |    69 |    64 |   235 ||   368
       Rpst.: Falchion   |       |       |    32 ||    32

Table legend:
 A = Spawn XP
 B = Non-spawn XP
 C = Spawn XP percentage of total XP
 D = Spawn monster count
 E = Non-spawn monster count
 F = Spawn count percentage of total count
 G = Total turns spent on level
                    A         B        C        D         E        F      G
               +---------+---------+-------+---------+---------+-------+---------
         Total |       0 |    2076 |   0.0 |       0 |     139 |   0.0 |  8765
               +---------+---------+-------+---------+---------+-------+---------
           D:1 |       0 |      67 |   0.0 |       0 |      31 |   0.0 |  1484
           D:2 |       0 |      86 |   0.0 |       0 |      28 |   0.0 |  1156
           D:3 |       0 |     602 |   0.0 |       0 |      34 |   0.0 |  1690
           D:4 |       0 |     619 |   0.0 |       0 |      27 |   0.0 |  2189
           D:5 |       0 |     359 |   0.0 |       0 |      11 |   0.0 |  1731
           D:6 |       0 |     343 |   0.0 |       0 |       8 |   0.0 |   515
               +---------+---------+-------+---------+---------+-------+---------
